 Dungeon Crawl Stone Soup version 0.24-a0-243-g8f5f5cd (webtiles) character file.

Game seed: 11528612715590792246

228 Goblin1989 the Cudgeler (level 5, -15/42 HPs)
             Began as a Demonspawn Chaos Knight on Apr 10, 2019.
             Was a Plaything of Xom.
             Demolished by an ogre
             ... wielding a +0 giant club
              (19 damage)
             ... on level 4 of the Dungeon.
             The game lasted 00:05:08 (3770 turns).

Goblin1989 the Cudgeler (Demonspawn Chaos Knight)   Turns: 3770, Time: 00:05:09

Health: -15/42     AC: 12    Str: 13    XL:     5   Next: 70%
Magic:  5/5        EV:  9    Int: 13    God:    Xom [.*....]
Gold:   178        SH:  0    Dex: 13    Spells: 4/4 levels left

rFire    . . .     SeeInvis .   a - +0 mace (chaos)
rCold    . . .     Gourm    .   (no shield)
rNeg     . . .     Faith    .   l - +3 scale mail {god gift}
rPois    .         Spirit   .   (no helmet)
rElec    .         Reflect  .   (no cloak)
rCorr    .         Harm     .   (no gloves)
MR       .....                  (no boots)
Stlth    ..........             (no amulet)
HPRegen  0.14/turn              (no ring)
MPRegen  0.09/turn              (no ring)

@: no status effects
A: molten scales 2, rot immunity
a: Renounce Religion


You were on level 4 of the Dungeon.
You worshipped Xom.
You were a plaything of Xom.
You were not hungry.

You visited 1 branch of the dungeon, and saw 4 of its levels.

You collected 178 gold pieces.

Inventory:

Hand Weapons
 a - a +0 mace of chaos (weapon)
 w - a +0 blowgun {@w1}
 z - a +2 dagger of venom
 B - a +0 whip
Missiles
 C - 7 poisoned needles
Armour
 b - a +2 leather armour
 l - a +3 scale mail (worn) {god gift}
Jewellery
 p - an uncursed ring of stealth {unknown}
 q - an uncursed ring of protection from magic {unknown}
 F - an uncursed amulet of the gourmand {unknown}
Scrolls
 f - 5 scrolls of identify {unknown}
 h - 7 scrolls of teleportation {unknown}
 k - 4 scrolls of remove curse {unknown}
 t - 2 scrolls of noise {unknown}
 y - a scroll of fog {unknown}
 D - a scroll of random uselessness {unknown}
Potions
 i - 3 potions of flight {unknown}
 m - 2 potions of haste {unknown}
 n - a potion of brilliance {unknown}
 o - 2 potions of curing {unknown}
 r - a potion of might {unknown}
 s - a potion of mutation {unknown}
 u - 2 potions of magic {unknown}
Comestibles
 e - 6 rations
 E - 3 chunks of flesh


   Skills:
 + Level 3.6 Fighting
 * Level 4.7 Maces & Flails
 + Level 2.6 Armour
 + Level 2.1 Dodging


You had 4 spell levels left.
You didn't know any spells.
Your spell library was empty.

Dungeon Overview and Level Annotations

Branches:
Dungeon (4/15)
 Temple: D:4-7

Altars:
Dithmenos
Elyvilon
Fedhas
Hepliaklqana
Kikubaaqudgha
Qazlal
Ru
Uskayaw
Xom
Zin


Innate Abilities, Weirdness & Mutations

You are mostly covered in molten scales. (AC +3)
You are immune to rotting.


Message History

The centaur skeleton hits you but does no damage.
You hit the centaur skeleton. You burn the centaur skeleton.
The centaur skeleton is severely damaged.
The centaur skeleton hits you but does no damage.
The quokka is engulfed in seething chaos.
The quokka twitches its whiskers.
You hit the centaur skeleton.
The centaur skeleton flickers and vanishes!
Deactivating autopickup; reactivate with Ctrl-A.
Xom is amused.
Something hits you. Something hits you but does no damage.
The quokka bites you but does no damage.
You closely miss the quokka. Something hits you but does no damage.
The quokka bites you but does no damage.
You take 1 damage, and have 40/41 hp.
You hit the quokka.
The quokka is moving more slowly.
The quokka is lightly wounded.
Something hits you. The quokka barely misses you.
Something hits you but does no damage.
You take 4 damage, and have 36/41 hp.
You hit the quokka. You burn the quokka.
The quokka is heavily wounded.
The quokka barely misses you. Something hits you.
The quokka closely misses you.
You take 2 damage, and have 34/41 hp.
You hit the quokka.
The quokka is almost dead.
Something hits you but does no damage. The quokka completely misses you.
Something hits you but does no damage.
You hit the quokka.
You kill the quokka!
Something hits you but does no damage. x2
No target in view!
No target in view!
No target in view!
No target in view!
No target in view!
No target in view!
No target in view!
No target in view!
No target in view!
No target in view!
No target in view!
No target in view!
No target in view!
No target in view!
No target in view!
There is a strange disturbance nearby!
You sock something! You burn something.
Reactivating autopickup.
You feel a bit more experienced.
You now have 166 gold pieces (gained 12).
Your trail of clouds dissipates.
Found a stone staircase leading up.
You now have 178 gold pieces (gained 12).
t - 2 scrolls labeled DAURUQ IHUAWN (gained 1) Health restored: 42 An ogre comes into view.
It is wielding a +0 giant club.
An ogre is nearby!
The ogre shouts!
You barely miss the ogre. The ogre barely misses you.
You hit the ogre.
The ogre flickers and vanishes!
Deactivating autopickup; reactivate with Ctrl-A.
Something hits you!!
A shower of butterflies erupts from you!
You take 20 damage, and have 22/42 hp.
MASSIVE DAMAGE!!
You are too injured to fight recklessly!
You are too injured to fight recklessly!
You are too injured to fight recklessly!
You are too injured to fight recklessly!
You are too injured to fight recklessly!
You are too injured to fight recklessly!
You are too injured to fight recklessly!
You are too injured to fight recklessly!
You are too injured to fight recklessly!
You are too injured to fight recklessly!
You are too injured to fight recklessly!
You are too injured to fight recklessly!
You are too injured to fight recklessly!
You are too injured to fight recklessly!
You are too injured to fight recklessly!
You are too injured to fight recklessly!
You are too injured to fight recklessly!
You are too injured to fight recklessly!
You are too injured to fight recklessly!
You are too injured to fight recklessly!
You are too injured to fight recklessly!
You are too injured to fight recklessly!
You are too injured to fight recklessly!
You are too injured to fight recklessly!
You are too injured to fight recklessly!
You are too injured to fight recklessly!
Your scale mail prevents you from hitting something.
Something hits you!!
* * * LOW HITPOINT WARNING * * *
You take 18 damage, and have 4/42 hp.
MASSIVE DAMAGE!!
You closely miss something. Something hits you but does no damage.
You hit something. Something hits you!!
You die...
Xom chortles!

......█...█.█ █....
.....█..██. █.... ██
█.......██ ......
██..██........███.███.
█...█.....█.█...█.....
█.........█...........
█.♣!♣█♣.♣............██.
....b...b..█.█.......██.
.♣█♣.♣@♣..███........♣█
█..b{....██(.........
█♣.♣...............♣.
.......b..........██.
...██b......██...(..██
........<.....██.█......
.♣.....█.........███....
♣.....█...........█....
... ██.█.............


There were no monsters in sight!

Vanquished Creatures
  A centaur skeleton (D:4)
  2 orc wizards (D:4)
  5 adders
  2 worms (D:2)
  6 dart slugs
  5 leopard geckos
  An orc (D:4)
  2 giant cockroaches
  9 goblins
  5 hobgoblins
  3 jackals (D:2)
  4 quokkas
  A ball python (D:1)
  13 bats
  2 frilled lizards
  6 kobolds
  11 rats
78 creatures vanquished.

Vanquished Creatures (collateral kills)
  An ooze (D:1)
  2 hobgoblins (D:1)
3 creatures vanquished.

Grand Total: 81 creatures vanquished

Notes
Turn   | Place    | Note
-------+----------+-------------------------------------------
     0 | D:1      | Goblin1989 the Demonspawn Chaos Knight began the quest for
                  | the Orb.
     0 | D:1      | Reached XP level 1. HP: 18/18 MP: 1/1
     6 | D:1      | XOM: potion effect (might)
    14 | D:1      | Reached skill level 3 in Maces & Flails
    37 | D:1      | Gained mutation: You are immune to rotting. [demonic
                  | ancestry]
    37 | D:1      | Reached XP level 2. HP: 16/24 MP: 2/2
    46 | D:1      | XOM: fog
   195 | D:1      | XOM: summons friendly ufetubus
   607 | D:1      | XOM: god gift: glowing scale mail {god gift}
   669 | D:1      | Reached skill level 1 in Dodging
   727 | D:1      | Gained mutation: You are partially covered in molten
                  | scales. (AC +2) [demonic ancestry]
   727 | D:1      | Reached XP level 3. HP: 29/29 MP: 3/3
  1241 | D:1      | XOM: noise
  1261 | D:1      | XOM: cloud trail
  1543 | D:2      | Found a shadowy altar of Dithmenos.
  1588 | D:2      | Found a hide-covered altar of Uskayaw.
  1600 | D:2      | XOM: silly message
  1700 | D:2      | Found a hazy altar of Hepliaklqana.
  1704 | D:2      | Found a sacrificial altar of Ru.
  1704 | D:2      | Found a stormy altar of Qazlal.
  1704 | D:2      | Found a white marble altar of Elyvilon.
  1704 | D:2      | Found an ancient bone altar of Kikubaaqudgha.
  1704 | D:2      | Found a glowing silver altar of Zin.
  1705 | D:2      | Found a shimmering altar of Xom.
  1824 | D:2      | Reached skill level 4 in Maces & Flails
  1828 | D:2      | Gained mutation: You are mostly covered in molten scales.
                  | (AC +3) [demonic ancestry]
  1828 | D:2      | Reached XP level 4. HP: 24/35 MP: 4/4
  1886 | D:2      | XOM: harmless Conj miscast
  1943 | D:2      | XOM: mild Conj miscast
  2024 | D:2      | Found a faded altar of an unknown god.
  2061 | D:2      | XOM: harmless Summ miscast
  2912 | D:3      | Found a blossoming altar of Fedhas.
  3189 | D:3      | XOM: medium Ice miscast
  3278 | D:3      | Reached XP level 5. HP: 41/41 MP: 5/5
  3573 | D:4      | XOM: confuse monster(s)
  3661 | D:4      | XOM: cloud trail
  3762 | D:4      | Noticed an ogre
  3767 | D:4      | XOM: butterfly on damage
  3770 | D:4      | Demolished by an ogre

Levels and vault maps discovered:
D:1:      lightli_arrival_statuegarden, layout_basic, serial_bayou_lake_a
D:2:      layout_loops_ring, grunt_temple_overflow_open,
          eat_drink_and_be_merry_uskayaw,
          chequers_ecumenical_altar_simple_redux, grunt_dithmenos_smoke
D:3:      layout_loops_ring, fedhas_altar_1, serial_bayou_ford_a,
          serial_bayou_lagoon_a
D:4:      layout_cave_pools, serial_forest, infiniplex_forest_lined_3_way,
          infiniplex_forest_corner_1, infiniplex_forest_lined_corner,
          infiniplex_forest_diagonal, infiniplex_forest_corner_2,
          infiniplex_forest_straight_1, infiniplex_forest_lined_1,
          infiniplex_forest_corner_1, minmay_starry_boxes

Skill      XL: |  1  2  3  4  5 |
---------------+----------------+-----
Maces & Flails | 3 4 |  4.7
Dodging        | 1 2 |  2.1
Armour         | 2 |  2.6
Fighting       | |  3.6

Action                   |  1- 3 |  4- 6 || total
-------------------------+-------+-------++-------
Melee: Mace              |    96 |   160 ||   256
 Stab: Paralysed         |       |     1 ||     1
       Confused          |       |     1 ||     1
  Eat: Chunk             |     2 |     7 ||     9
Armor: Leather armour    |    46 |       ||    46
       Scale mail        |    53 |    94 ||   147
Dodge: Dodged            |    79 |    77 ||   156

Table legend:
 A = Non-vault XP
 B = Vault XP
 C = Vault XP percentage of total XP
 D = Non-vault monster count
 E = Vault monster count
 F = Vault count percentage of total count
                 A         B        C        D         E       F
            +---------+---------+-------+---------+---------+-------
      Total |     326 |       0 |   0.0 |      81 |       0 |   0.0
            +---------+---------+-------+---------+---------+-------
        D:1 |      47 |       0 |   0.0 |      24 |       0 |   0.0
        D:2 |      99 |       0 |   0.0 |      24 |       0 |   0.0
        D:3 |      51 |       0 |   0.0 |      26 |       0 |   0.0
        D:4 |     129 |       0 |   0.0 |       7 |       0 |   0.0
            +---------+---------+-------+---------+---------+-------

Levels and vault maps discovered:
D:1:      lightli_arrival_statuegarden, layout_basic, serial_bayou_lake_a
D:2:      layout_loops_ring, grunt_temple_overflow_open,
          eat_drink_and_be_merry_uskayaw,
          chequers_ecumenical_altar_simple_redux, grunt_dithmenos_smoke
D:3:      layout_loops_ring, fedhas_altar_1, serial_bayou_ford_a,
          serial_bayou_lagoon_a
D:4:      layout_cave_pools, serial_forest, infiniplex_forest_lined_3_way,
          infiniplex_forest_corner_1, infiniplex_forest_lined_corner,
          infiniplex_forest_diagonal, infiniplex_forest_corner_2,
          infiniplex_forest_straight_1, infiniplex_forest_lined_1,
          infiniplex_forest_corner_1, minmay_starry_boxes
